 Dungeon Crawl Stone Soup version 0.31-a0-426-g3a05650e59 (webtiles) character file.

Game seed: 5879438367165781575

77 LustLizard the Ruffian (level 4, 0/29 HPs)
             Began as an Octopode Shapeshifter on July 31, 2023.
             Slain by a hound (6 damage)
             ... on level 3 of the Dungeon.
             The game lasted 00:06:30 (2732 turns).

LustLizard the Ruffian (Octopode Shapeshifter)      Turns: 2732, Time: 00:06:30

Health: 0/29       AC:  1    Str: 14    XL:     4   Next: 34%
Magic:  4/4        EV: 13    Int: 12    God:
Gold:   178        SH:  0    Dex: 12    Spells: 3/3 levels left

rFire   . .          .
                       - Unarmed
rCold   . . .        (no shield)
rNeg    . . .        (helmet currently unavailable)
rPois   .            (no amulet)
rElec   .            n - ring of flight
rCorr   .            (no ring)
SInv    .            (no ring)
Will    .....        (no ring)
Stlth   +++          (no ring)
HPRegen 0.24/turn    (no ring)
MPRegen 0.09/turn    (no ring)
                     (no ring)

%: no passive effects
@: beast-form, flying
A: beast (slay +2), almost no armour, amphibious, 8 rings, camouflage 1,
gelatinous body 1, (nimble swimmer 1), tentacles
a: Begin Untransformation


You were on level 3 of the Dungeon.
You were a hulking beast.
You visited 1 branch of the dungeon, and saw 4 of its levels.

You collected 178 gold pieces.

Inventory:

Armour
 e - a +0 buckler
Jewellery
 n - a ring of flight (left tentacle)
Talismans
 b - a beast talisman (active)
Scrolls
 d - 3 scrolls of noise {unknown}
 g - 2 scrolls of poison
 h - a scroll of butterflies {unknown}
 i - a scroll of acquirement {unknown}
 k - 2 scrolls of vulnerability {unknown}
 m - a scroll of silence {unknown}
Potions
 a - a potion of lignification
 c - 2 potions of enlightenment
 f - a potion of haste
 j - a potion of brilliance {unknown}
 l - a potion of curing {unknown}


   Skills:
 + Level 1.9 Fighting
 - Level 2.0 Dodging
 + Level 2.2 Stealth
 * Level 3.9 Unarmed Combat
 + Level 3.3 Shapeshifting


You had 3 spell levels left.
You didn't know any spells.
Your spell library contained the following spells:

 Spells                   Type           Power      Damage    Failure   Level
 Cigotuvi's Dreadful Rot  Necr/Pois/Air  0%         N/A       45%         2
 Dispel Undead            Necr           0%         3d6       97%         4
 Death Channel            Necr           0%         N/A       100%        6


Dungeon Overview and Level Annotations

Branches:
Dungeon (4/15)
 Temple: D:4-7

Altars:
Kikubaaqudgha
Trog
Vehumet
Zin

Shops:
D:4 (

Annotations:
D:2 1 runed translucent door, Crazy Yiuf
D:4 Natasha


Innate Abilities, Weirdness & Mutations

You are a hulking beast.
Your limbs bulge with bestial killing power. (Slay +2)
You cannot wear most types of armour.
You are amphibious.
You can wear up to eight rings at the same time.
Your skin changes colour to match your surroundings (Stealth+).
Your rubbery body absorbs attacks. (AC +1, EV +1)
((You are camouflaged when in or above water. (Stealth+)))
You have tentacles for arms and can constrict up to eight enemies at once.


Message History

You climb upwards.
There is a stone staircase leading down here.
You see here a +0 dagger.
There is a stone staircase leading down here.
You fly up into the air.
n - a ring of flight (left tentacle)
You fly downwards.
You hear the hiss of flowing sand.
There is an entrance to an ossuary on this level.
Hurry and find it before the portal is buried!
Level annotation: Natasha The hound barks!
Found 8 gold pieces and a runed dagger.
Found Xewnuum's Weapon Boutique.
Found a bloodstained altar of Trog.
Found an escape hatch in the ceiling.
There is a stone staircase leading up here.
The hound stops to sniff the ground.
The sleepcap barely misses you. The hound bites you.
You fly upwards.
There is a stone staircase leading down here.
You tentacle-slap the sleepcap but do no damage.
You grab the sleepcap. You squeeze the sleepcap!
The sleepcap is heavily damaged.
You constrict the sleepcap, but do no damage.
The hound bites you. The sleepcap misses you.
You tentacle-slap the sleepcap but do no damage.
The sleepcap is heavily damaged.
You constrict the sleepcap, but do no damage.
The hound pauses to sniff the ground.
The hound barely misses you. The sleepcap releases spores at you!
You are engulfed in a cloud of soporific spores!
You fall asleep.
You lose your grip on the sleepcap.
The hound completely misses you. The hound bites you!
You wake up.
* * * LOW HITPOINT WARNING * * *
The sleepcap releases spores at you.
* * * LOW HITPOINT WARNING * * *
You tentacle-slap the sleepcap but do no damage.
You grab the sleepcap.
The sleepcap is heavily damaged.
You constrict the sleepcap. The hound bites you.
You die...

# #...#.§....... ##
#.###..≈§≈≈≈≈. .# ####.#
#..≈≈≈≈≈≈. .# ##....# #..§≈##≈≈.
## #..#### #..§≈##≈≈. # ##.##
#§§§§≈≈§≈. #########..#
#..≈≈≈≈≈≈.
#######.........########.........
...).)..........hh.....#.........
#######........f######.'#########
#.........# #.....# #.........#
#.##### #.........#####.#
#####..)......##....#
###.([..........##.####
....##.............#
#..<............####


You could see a sleepcap and a hound.

Vanquished Creatures
  3 adders (D:3)
  A worm (D:3)
  4 orcs (D:3)
  2 bats
  An endoplasm (D:1)
  2 giant cockroaches
  5 goblins
  8 hobgoblins
  4 kobolds
  A quokka (D:1)
  3 ball pythons (D:1)
  3 frilled lizards
  4 rats
41 creatures vanquished.

Notes
Turn   | Place    | Note
-------+----------+-------------------------------------------
     0 | D:1      | LustLizard the Octopode Shapeshifter began the quest for
                  | the Orb.
     0 | D:1      | Reached XP level 1. HP: 13/13 MP: 1/1
   233 | D:1      | Reached XP level 2. HP: 18/18 MP: 2/2
   311 | D:1      | Reached skill level 1 in Stealth
   743 | D:1      | Reached XP level 3. HP: 23/23 MP: 3/3
  1465 | D:2      | Found a faded altar of an unknown god.
  1515 | D:2      | Found a runed translucent door.
  1516 | D:2      | Noticed Crazy Yiuf
  1935 | D:3      | Found a radiant altar of Vehumet.
  2035 | D:3      | Found a glowing silver altar of Zin.
  2144 | D:3      | Noticed a scorpion
  2284 | D:3      | Reached XP level 4. HP: 29/29 MP: 4/4
  2621 | D:3      | Found an ancient bone altar of Kikubaaqudgha.
  2700 | D:4      | Noticed Natasha
  2700 | D:4      | Noticed a phantom
  2724 | D:4      | Found Xewnuum's Weapon Boutique.
  2724 | D:4      | Found a bloodstained altar of Trog.
  2732 | D:3      | Slain by a hound

Illustrated notes

Levels and vault maps discovered:
D:1:      dpeg_arrival_arbitrary_b, layout_basic
D:2:      kennysheep_big_flooded_room, layout_basic, basic_ecumenical_altar,
          uniq_crazy_yiuf_cottage
D:3:      layout_rooms, marbit_many_paths, vehumet_crystals,
          mainiacjoe_overflow_chevrons, nrook_mini_vaults,
          kennysheep_pointless_box
D:4:      layout_rooms, lemuel_round_altar, makhleb_altar_promises_db,
          bloody_trog, serial_shops, nicolae_shop_statue_plus, enter_ossuary_3,
          sigmund_army, uniq_natasha

Skill      XL: |  1  2  3 |
---------------+----------+-----
Stealth        | 1 2 |  2.2
Fighting       | |  1.9
Dodging        | |  2.0
Unarmed Combat | |  3.9
Shapeshifting  | |  3.3

Action                     |  1- 3 |  4- 6 || total
---------------------------+-------+-------++-------
  Melee: Unarmed           |    57 |    17 ||    74
         Constrict         |    17 |     6 ||    23
         Tentacles         |    10 |     5 ||    15
         Punch             |     3 |     1 ||     4
    Use: Scroll            |     3 |       ||     3
   Stab: Sleeping          |     4 |     1 ||     5
 Armour: Skin              |     3 |       ||     3
  Dodge: Dodged            |    23 |     7 ||    30

Table legend: (Time is in decaauts)
 A = Elapsed time spent in this place.
 B = Non-inter-level travel time spent in this place.
 C = Inter-level travel time spent in this place.
 D = Time resting spent in this place.
 E = Time spent auto-exploring this place.
 F = Levels seen in this place.
 G = Mean time per level.
                   A        B        C        D        E       F      G
               +--------+--------+--------+--------+--------+-----+--------+
         Total |   2726 |   2648 |     78 |    133 |   1941 |   4 |  681.5 |
       Dungeon |   2726 |   2648 |     78 |    133 |   1941 |   4 |  681.5 |
               +--------+--------+--------+--------+--------+-----+--------+

Top non-repeatable levels by time:
     D:2: 1029 daAuts
     D:1: 877 daAuts
     D:3: 811 daAuts
     D:4: 8 daAuts
